 Dungeon Crawl Stone Soup version 0.15-a0-35-ga771cbd (webtiles) character file.

232 Quh the Ruinous (level 5, -10/28 HPs)
             Began as a Deep Elf Conjurer on Apr 2, 2014.
             Mangled by an orc warrior
             ... wielding a +0,+0 mace
              (19 damage)
             ... on Level 3 of the Dungeon.
             The game lasted 00:11:59 (2930 turns).

Quh the Ruinous (Deep Elf Conjurer)                 Turns: 2930, Time: 00:11:59

HP -10/28        AC  4     Str  6      XL: 5   Next:  9%
MP   8/16        EV 13     Int 20      God:
Gold 83          SH  0     Dex 15      Spells:  3 memorised,  2 levels left

rFire  . . .     SeeInvis .     (no weapon)
rCold  . . .     Clarity  +     a - +0 robe
rNeg   . . .     Conserve .     (no shield)
rPois  .         rCorr    .     e - +0 helmet
rElec  .         rRot     .     C - +0 cloak
SustAb . .       Spirit   .     (no gloves)
rMut   .         Warding  .     (no boots)
Saprov . . .     Stasis   .     u - amulet of clarity
MR     .....                    (no ring)
                                (no ring)

@: not resistant to hostile enchantments, fairly stealthy
A: no striking features
a: no special abilities


You were on level 3 of the Dungeon.
You were not hungry.

You visited 1 branch of the dungeon, and saw 3 of its levels.

You collected 83 gold pieces.

Inventory:

Hand weapons
 m - a cursed -2,-1 whip
Armour
 a - a +0 robe (worn)
 e - a +0 helmet (worn)
 p - a +0 robe
 C - a +0 cloak (worn)
Comestibles
 b - 3 bread rations
 i - 2 meat rations
 n - a choko
 D - 2 chunks of orc flesh
Scrolls
 d - 2 scrolls of teleportation {unknown}
 f - a scroll of random uselessness {unknown}
 g - a scroll of noise {unknown}
 j - a scroll of remove curse {unknown}
 l - 2 scrolls of fog {unknown}
 o - 2 scrolls of identify
 r - a scroll of enchant armour {unknown}
 s - a scroll of recharging {unknown}
 t - 2 scrolls of immolation {unknown}
 y - a scroll of magic mapping {unknown}
Jewellery
 u - an amulet of clarity (around neck)
 v - an uncursed ring of flight {unknown}
 z - an uncursed ring of sustain abilities {unknown}
 A - a +6 ring of intelligence {unknown}
Potions
 h - a potion of mutation {unknown}
 k - a potion of haste {unknown}
 q - a potion of poison {unknown}
 w - a potion of might {unknown}
 x - a potion of lignification {unknown}
Books
 c - a book of Conjurations

   Spells                             Type                      Level
   *Magic Dart                        Conjuration                  1
   *Searing Ray                       Conjuration                  2
   Dazzling Spray                     Conjuration/Hexes            3
   Fulminant Prism                    Conjuration/Hexes            4
   Iskenderun's Mystic Blast          Conjuration                  4
   *Iskenderun's Battlesphere         Conjuration/Charms           5


   Skills:
 - Level 2.4 Dodging
 - Level 2.4 Stealth
 - Level 3.0 Spellcasting
 * Level 7.0 Conjurations
 * Level 0.4 Charms


You had 2 spell levels left.
You knew the following spells:

 Your Spells              Type           Power        Failure   Level  Hunger
a - Magic Dart            Conj           ####         1%          1    None
b - Searing Ray           Conj           ####..       1%          2    ##.....
c - Iskenderun's Battles  Conj/Chrm      ###.....     89%         5    #####..


Dungeon Overview and Level Annotations

Branches:
Dungeon (3/15)

Altars:
Elyvilon
Kikubaaqudgha
Trog


Message History

The magic dart hits the orc warrior!
The orc warrior hits you with a mace!
Casting: Magic Dart
Confirm with ! or Enter, or press ? or * to list all spells!
Aiming: Searing Ray
Press: ? - help, Shift-Dir - straight line, f/p - orc warrior
Aim: an orc warrior, wielding a mace and wearing a plate armour The searing ray hits the orc warrior!
The orc warrior is lightly wounded!
The orc warrior hits you with a mace!!!
An orc comes into view! It is wielding a flail!
Casting: Searing Ray
Confirm with ! or Enter, or press ? or * to list all spells!
Aiming: Searing Ray
Press: ? - help, Shift-Dir - straight line, f/p - orc warrior
Aim: an orc warrior, wielding a mace and wearing a plate armour (lightly wounded)
The searing ray hits the orc warrior!
The orc warrior is lightly wounded!
The orc warrior hits you with a mace!!!
Ouch!!!
That really hurt!!!
You die!!!

######.#
#....<)#
#.####.#
#.# #.# #.#
#.# #)# #.#
#.# ..>
##.## ###
#.@o#
#$..o..#
#..........
#...).#####
##...##
#####


You could see an orc warrior and an orc.

Vanquished Creatures
  An orc priest (D:3)
  3 adders
  A giant mite (D:2)
  2 worms
  2 oozes
  2 orcs (D:3)
  2 ball pythons
  A bat skeleton (D:2)
  10 goblins
  10 hobgoblins
  2 jackals (D:1)
  3 quokkas (D:3)
  6 bats
  A giant gecko (D:1)
  3 giant newts
  A goblin skeleton (D:2)
  A goblin zombie (D:2)
  A hobgoblin zombie (D:2)
  11 kobolds
  7 rats
70 creatures vanquished.

Notes
Turn   | Place    | Note
--------------------------------------------------------------
     0 | D:1      | Quh, the Deep Elf Conjurer, began the quest for the Orb.
     0 | D:1      | Reached XP level 1. HP: 10/10 MP: 5/5
   464 | D:1      | Reached XP level 2. HP: 9/15 MP: 4/8
   650 | D:1      | Reached skill level 5 in Conjurations
   825 | D:1      | Learned a level 2 spell: Searing Ray
  1007 | D:1      | Reached XP level 3. HP: 19/19 MP: 6/10
  1644 | D:2      | Reached skill level 6 in Conjurations
  1846 | D:2      | Reached XP level 4. HP: 24/24 MP: 2/13
  2678 | D:3      | Found an ancient bone altar of Kikubaaqudgha.
  2681 | D:3      | Found a white marble altar of Elyvilon.
  2684 | D:3      | Found a bloodstained altar of Trog.
  2904 | D:3      | Reached skill level 7 in Conjurations
  2904 | D:3      | Reached XP level 5. HP: 28/28 MP: 11/16
  2911 | D:3      | Learned a level 5 spell: Iskenderun's Battlesphere
  2925 | D:3      | Noticed an orc warrior
  2930 | D:3      | Mangled by an orc warrior

Action                   |  1- 3 |  4- 6 || total
-------------------------+-------+-------++-------
Melee: Unarmed           |       |     1 ||     1
 Cast: Magic Dart        |    93 |    46 ||   139
       Searing Ray       |    10 |     6 ||    16
  Use: Scroll            |       |     1 ||     1
